 Dungeon Crawl Stone Soup version 0.27.1-37-g7b29ead8ac (webtiles) character file.

Game seed: 8364599732421875019

10751 AarnesTheHuman the Black Crusader (level 11, -1/91 HPs)
             Began as a Formicid Fighter on June 5, 2023.
             Was a Priest of Yredelemnul.
             Slain by a meliai (6 damage)
             ... on level 11 of the Dungeon.
             The game lasted 00:22:20 (14973 turns).

AarnesTheHuman the Black Crusader (FoFi)           Turns: 14973, Time: 00:22:20

Health: -1/91      AC: 20    Str: 28    XL:     11   Next: 98%
Magic:  19/19      EV:  7    Int:  7    God:    Yredelemnul [***...]
Gold:   131        SH: 17    Dex: 10    Spells: 10/10 levels left

rFire    . . .     SeeInvis +   a - +0 quarterstaff (freeze)
rCold    + . .     Faith    .   c - +0 kite shield
rNeg     + . .     Spirit   .   M - +4 plate armour of Fortitude {Str+3}
rPois    .         Reflect  +   (helmet unavailable)
rElec    .         Harm     .   (no cloak)
rCorr    .         Rampage  .   D - +1 pair of gloves
Will     +....                  (no boots)
Stlth    ..........             e - amulet of reflection
HPRegen  0.25/turn              O - ring of protection from cold
MPRegen  0.16/turn              q - ring of positive energy

@: no status effects
A: permanent stasis, dig shafts and tunnels, antennae 3, four strong arms
a: Dig, Shaft Self, Renounce Religion, Recall Undead Slaves, Injury Mirror,
Animate Dead


You were on level 11 of the Dungeon.
You worshipped Yredelemnul.
Yredelemnul was most pleased with you.
You visited 2 branches of the dungeon, and saw 12 of its levels.

You collected 1499 gold pieces.
You spent 1368 gold pieces at shops.

Inventory:

Hand Weapons
 a - a +0 quarterstaff of freezing (weapon)
 b - the +9 arbalest "Guopufec" {freeze, rN+ Will- SInv}
   (You bought it in a shop on level 8 of the Dungeon)

   Any ammunition fired from it freezes those it strikes, dealing additional
   cold damage.
   It can also slow down cold-blooded creatures.
   rN:        It protects you from negative energy.
   SInv:      It lets you see invisible.
   Will:      It decreases your willpower.
 g - the +5 hand axe "Hydrabane" {elec, Will+ Dex+4}
   (You found it on level 7 of the Dungeon)

   It occasionally discharges a powerful burst of electricity upon striking a
   foe.
   Dex:       It affects your dexterity (+4).
   Will:      It increases your willpower.
 G - a +5 scythe of venom
 N - a +3 scimitar of flaming
 P - a +4 trident of flaming
Missiles
 i - 239 stones
 y - 39 poisoned darts (quivered)
 K - 100 bolts
Armour
 c - a +0 kite shield (worn)
 j - a +0 scale mail
 o - a +0 ring mail of poison resistance
 u - a scarf of harm
 x - a +3 chain mail of fire resistance
 D - a +1 pair of gloves (worn)
 M - the +4 plate armour of Fortitude (worn) {Str+3}
   (You bought it in a shop on level 11 of the Dungeon)

   Str:       It affects your strength (+3).
Jewellery
 e - an amulet of reflection (around neck)
 q - a ring of positive energy (right hand)
 t - an amulet of faith
 O - a ring of protection from cold (left hand)
Wands
 d - a wand of flame (49)
 m - a wand of polymorph (24)
 z - a wand of charming (8)
 B - a wand of digging (10)
Scrolls
 f - 2 scrolls of teleportation
 h - 2 scrolls of blinking
 l - 5 scrolls of identify
 F - 3 scrolls of enchant weapon
 H - 2 scrolls of magic mapping
 J - a scroll of fog
Potions
 k - 2 potions of brilliance
 n - 8 potions of curing
 p - a potion of might
 r - 3 potions of haste
 v - 2 potions of invisibility
 w - a potion of berserk rage
 A - 3 potions of degeneration
 C - 2 potions of cancellation
 E - 4 potions of flight
 I - a potion of attraction {unknown}
 L - a potion of resistance {unknown}


   Skills:
 + Level 10.3 Fighting
 - Level 2.4(3.9) Axes
 - Level 4.7(5.7) Polearms
 - Level 3.8(5.0) Staves
 - Level 4.0 Crossbows
 - Level 9.0 Armour
 - Level 9.0 Shields
 - Level 11.0 Invocations


You had 10 spell levels left.
You didn't know any spells.
Your spell library contained the following spells:

 Spells                   Type           Power      Damage    Failure   Level
 Animate Skeleton         Necr           0%         N/A       99%         1
 Pain                     Necr           0%         1d4       99%         1
 Sandblast                Erth           0%         2d4       99%         1
 Sting                    Tmut/Pois      0%         1d3       99%         1
 Passwall                 Tmut/Erth      0%         N/A       99%         2
 Poisonous Vapours        Pois/Air       0%         N/A       99%         2
 Vampiric Draining        Necr           0%         2d6       100%        3
 Animate Dead             Necr           0%         N/A       100%        4
 Olgreb's Toxic Radiance  Pois           0%         N/A       100%        4
 Lee's Rapid Deconstruct  Erth           0%         3d5*      100%        5
 Haunt                    Necr/Summ      0%         N/A       100%        7
 Infestation              Necr           0%         N/A       100%        8
 Chain Lightning          Conj/Air       0%         N/A       100%        9
 Fire Storm               Conj/Fire      0%         5d1       100%        9


Dungeon Overview and Level Annotations

Branches:
Dungeon (11/15)            Temple (1/1) D:4            Lair (0/6) D:11
    Orc (0/2) D:11

Altars:
Ashenzari
Cheibriados
Dithmenos
Elyvilon
Fedhas
Gozag
Hepliaklqana
Kikubaaqudgha
Makhleb
Nemelex Xobeh
Okawaru
Qazlal
Ru
Sif Muna
Trog
Uskayaw
Vehumet
Wu Jian
Xom
Yredelemnul
Zin
The Shining One

Shops:
D:5 [   D:8 (   D:10 [   D:11 [

Portals:
Abyss: D:5

Annotations:
D:2 1 runed translucent door, Crazy Yiuf
D:5 2 transporters, exclusion: 2 downstairs, Efficiency's ghost, weakling DDDe
D:11 4 runed translucent doors, exclusion: 4 doors


Innate Abilities, Weirdness & Mutations

You cannot be hasted, slowed, berserked, paralysed or teleported.
You can dig through walls and to a lower floor.
You have a pair of large antennae on your head. (SInv)
Your four strong arms can wield two-handed weapons with a shield.


Message History

The meliai is healed somewhat.
You block the meliai's attack. x2
The meliai hits you but does no damage. The meliai barely misses you.
The meliai hits you but does no damage.
The meliai stings you but does no damage.
You barely miss the meliai.
The meliai is lightly wounded.
The meliai invokes the aid of its god against you.
Something smites you!
* * * LOW HITPOINT WARNING * * *
The meliai hits you but does no damage.
The meliai stings you but does no damage.
The meliai calls upon its god to heal the meliai.
The meliai's wounds heal themselves!
You block the meliai's attack. The meliai closely misses you.
You call on the dead to rise...
There are no remains here to animate!
Okay, then.
You feel much better.
The meliai hits you with a +0 broad axe.
The meliai stings you but does no damage.
The meliai barely misses you. You block the meliai's attack.
The meliai barely misses you.
The meliai stings you but does no damage.
The meliai closely misses you. You block the meliai's attack.
You miss the meliai.
The meliai is lightly wounded.
The meliai hits you with a +0 broad axe!
* * * LOW HITPOINT WARNING * * *
You block the meliai's attack. x3; The meliai completely misses you.
The meliai stings you but does no damage.
The meliai barely misses you.
The meliai stings you but does no damage.
You miss the meliai.
The meliai is lightly wounded.
You block the meliai's attack. x2; The meliai closely misses you.
The meliai stings you but does no damage.
The meliai hits you with a +0 broad axe!
* * * LOW HITPOINT WARNING * * *
You block the meliai's attack. The meliai hits you with a +0 hand axe.
You die...
Your body rises from the dead as a mindless zombie.

... ######...# ...
#+###......#.# # ...
#............# .# ######
#............# ..# .....#
#..........#.####...# ...#.+
#.............).....#
.....###.##.......).)##....#
.................y...# ....#
)..#....Z.......@y...# ..#.#
.......................... #
###########################


You could see 2 meliai.

Vanquished Creatures
  A boulder beetle (D:9)
  4 two-headed ogres
  A cyclops (D:11)
  An unseen horror (D:10)
  A kobold demonologist (D:10)
  An efreet (D:10)
  2 komodo dragons (D:11)
  A slime creature (D:9)
  Sigmund (D:2)
  2 wyverns
  3 yaks (D:10)
  3 steam dragons
  2 wargs (D:11)
  An acid dragon (D:11)
  Duvessa (D:4)
  4 sky beasts
  2 orc warriors
  2 black bears
  3 ice beasts
  2 ogres
  A phantom (D:4)
  5 centaurs
  A kobold brigand (D:7)
  2 bullfrogs (D:7)
  A gnoll sergeant (D:10)
  A water moccasin zombie (D:5)
  Dowan (D:4)
  A howler monkey (D:5)
  2 centaur zombies (D:8)
  7 orc priests
  A hound (D:4)
  A gnoll shaman (D:6)
  Jessica (D:2)
  3 iguanas
  Natasha (thrice) (D:2)
  8 orc wizards
  A killer bee zombie (D:6)
  A hound skeleton (D:5)
  Robin (D:2)
  5 adders
  18 gnolls
  2 white imps
  An ufetubus (D:5)
  3 worms
  An adder skeleton (D:4)
  3 dart slugs
  34 orcs
  8 endoplasms
  4 giant cockroaches
  15 goblins
  16 hobgoblins
  3 jackals (D:2)
  23 kobolds
  3 quokkas
  4 ball pythons
  7 bats
  5 frilled lizards (D:1)
  8 rats
243 creatures vanquished.

Vanquished Creatures (collateral kills)
  A meliai (D:11)
  5 slime creatures (D:9)
  A wyvern (D:11)
  An orc warrior (D:8)
  A centaur (D:11)
  A centaur zombie (D:7)
  A gnoll shaman (D:9)
  3 gnolls
  A shadow imp (D:5)
  4 orcs
  3 kobolds (D:7)
22 creatures vanquished.

Vanquished Creatures (others)
  A wyvern zombie (D:10)
  A komodo dragon zombie (D:11)
  3 two-headed ogre zombies
  2 warg zombies (D:11)
  A cyclops zombie (D:11)
  An acid dragon zombie (D:11)
  A bullfrog zombie (D:7)
  3 centaur zombies
  3 gnoll zombies
  2 iguana zombies
  A kobold zombie (D:7)
  An ogre zombie (D:6)
  13 orc zombies
  A steam dragon zombie (D:9)
  42 plants
76 creatures vanquished.

Grand Total: 341 creatures vanquished

Notes
Turn   | Place    | Note
-------+----------+-------------------------------------------
     0 | D:1      | AarnesTheHuman the Formicid Fighter began the quest for the
                  | Orb.
     0 | D:1      | Reached XP level 1. HP: 18/18 MP: 1/1
   275 | D:1      | Reached XP level 2. HP: 24/24 MP: 2/2
   800 | D:1      | Reached XP level 3. HP: 30/30 MP: 3/3
  1433 | D:2      | Noticed Natasha
  1445 | D:2      | Killed Natasha
  1446 | D:2      | Reached XP level 4. HP: 10/37 MP: 4/4
  1668 | D:2      | Noticed Robin
  1695 | D:2      | Killed Robin
  1745 | D:2      | Noticed Jessica
  1751 | D:2      | Killed Jessica
  1752 | D:2      | Reached XP level 5. HP: 34/43 MP: 5/5
  1885 | D:2      | Found a runed translucent door.
  1886 | D:2      | Noticed Crazy Yiuf
  1974 | D:2      | Found a faded altar of an unknown god.
  2101 | D:2      | Noticed Natasha
  2115 | D:2      | Killed Natasha
  2210 | D:2      | Noticed Sigmund
  2226 | D:2      | Killed Sigmund
  2227 | D:2      | Reached skill level 5 in Fighting
  2227 | D:2      | Reached skill level 5 in Armour
  2227 | D:2      | Reached skill level 5 in Shields
  2227 | D:2      | Reached XP level 6. HP: 18/51 MP: 6/6
  2678 | D:2      | Noticed Natasha
  2682 | D:2      | Killed Natasha
  2784 | D:3      | Found an iron altar of Okawaru.
  3109 | D:3      | Reached XP level 7. HP: 56/56 MP: 7/7
  3728 | D:4      | Found a staircase to the Ecumenical Temple.
  3738 | Temple   | Entered the Ecumenical Temple
  4000 | Temple   | Became a worshipper of Yredelemnul the Dark
  4087 | D:4      | Found a glowing golden altar of the Shining One.
  4183 | D:4      | Noticed Duvessa
  4183 | D:4      | Noticed Dowan
  4193 | D:4      | Killed Duvessa
  4194 | D:4      | Reached skill level 1 in Invocations
  4194 | D:4      | Killed Dowan
  4545 | D:4      | Reached XP level 8. HP: 47/64 MP: 9/9
  4661 | D:4      | Reached skill level 1 in Polearms
  4661 | D:4      | Reached skill level 2 in Invocations
  5143 | D:5      | Entered Level 5 of the Dungeon
  5621 | D:5      | Reached * piety under Yredelemnul
  5720 | D:5      | Found Muesip's Armour Shoppe.
  5764 | D:5      | Reached skill level 3 in Invocations
  5947 | D:5      | Found a transporter.
  5979 | D:5      | Found a transporter.
  6044 | D:5      | Found a one-way gate to the infinite horrors of the Abyss.
  6044 | D:5      | Noticed Efficiency's ghost (weakling DDDe)
  6054 | D:5      | Noticed an ancient zyme
  6599 | D:6      | Noticed a two-headed ogre
  6953 | D:5      | Reached XP level 9. HP: 71/71 MP: 11/11
  6964 | D:6      | Reached skill level 4 in Invocations
  7984 | D:6      | Reached skill level 5 in Invocations
  8309 | D:6      | Killed a two-headed ogre
  9136 | D:7      | Reached skill level 6 in Invocations
  9185 | D:7      | Reached skill level 7 in Invocations
  9185 | D:7      | Reached XP level 10. HP: 69/79 MP: 15/15
  9297 | D:7      | Reached ** piety under Yredelemnul
  9838 | D:7      | Reached skill level 8 in Invocations
  9996 | D:7      | Found a shadowy altar of Dithmenos.
 10131 | D:7      | Identified the +5 hand axe "Hydrabane" {elec, Will+ Dex+4}
 10308 | D:8      | Found Vurur's Antique Weapon Boutique.
 10354 | D:8      | Reached skill level 9 in Invocations
 10781 | D:9      | Reached skill level 10 in Invocations
 10800 | D:9      | Identified the +1 chain mail "Belluesm" {Int+7}
 11005 | D:9      | Noticed a two-headed ogre
 11076 | D:9      | Killed a two-headed ogre
 11177 | D:9      | Reached *** piety under Yredelemnul
 11354 | D:9      | Reached XP level 11. HP: 75/90 MP: 18/18
 11563 | D:9      | Found a glowing silver altar of Zin.
 11616 | D:9      | Noticed a boulder beetle
 11635 | D:9      | Killed a boulder beetle
 11636 | D:9      | Reached skill level 10 in Fighting
 11694 | D:8      | Bought a crude arbalest for 304 gold pieces
 11694 | D:8      | Identified the +9 arbalest "Guopufec" {freeze, rN+ Will-
                  | SInv} (You bought it in a shop on level 8 of the Dungeon)
 11702 | D:8      | Identified a scroll of acquirement
 12639 | D:10     | Entered Level 10 of the Dungeon
 12893 | D:10     | Reached skill level 1 in Crossbows
 13051 | D:10     | Noticed a two-headed ogre
 13057 | D:10     | Killed a two-headed ogre
 13266 | D:10     | Found Vozoeb's Antique Armour Emporium.
 13618 | D:10     | Found a stormy altar of Qazlal.
 13619 | D:10     | Found a snail-covered altar of Cheibriados.
 13900 | D:10     | Found a burning altar of Makhleb.
 13905 | D:10     | Found a bloodstained altar of Trog.
 13998 | D:11     | Found a huge runed translucent gate.
 13998 | D:11     | Found a huge runed translucent gate.
 13998 | D:11     | Found a huge runed translucent gate.
 14000 | D:11     | Found a huge runed translucent gate.
 14000 | D:11     | Noticed a manticore
 14391 | D:11     | Found a staircase to the Lair.
 14528 | D:11     | Found Joeluk's Antique Armour Boutique.
 14563 | D:11     | Acquired 1045 gold pieces
 14567 | D:11     | Bought a faintly humming plate armour for 1064 gold pieces
 14567 | D:11     | Identified the +4 plate armour of Fortitude {Str+3} (You
                  | bought it in a shop on level 11 of the Dungeon)
 14589 | D:11     | Found a staircase to the Orcish Mines.
 14623 | D:11     | Noticed a cyclops
 14626 | D:11     | Killed a cyclops
 14690 | D:11     | Noticed a two-headed ogre
 14696 | D:11     | Killed a two-headed ogre
 14697 | D:11     | Reached skill level 11 in Invocations
 14970 | D:11     | HP: 3/91 [meliai/divine providence (10)]
 14973 | D:11     | Slain by a meliai

Illustrated notes

Levels and vault maps discovered:
D:1:      scummos_arrival_hexagon, layout_basic, minmay_misc_feat_tiny
D:2:      layout_rooms, shapermc_ecumenical_altar_mp_vishouse,
          serial_corexii_hall, corexii_hall_statues_u, corexii_hall_statues_t,
          minivault_27, uniq_crazy_yiuf_cottage, uniq_jessica, uniq_sigmund,
          uniq_robin, uniq_natasha
D:3:      layout_basic, mainiacjoe_overflow_catwalk, minmay_misc_feat_x
D:4:      layout_loops_ring, tso_oasis_becter, minmay_temple_entry_steel_oval,
          serial_rivers, chequers_serial_rivers_micro_c,
          chequers_serial_rivers_large_b, chequers_serial_rivers_small_b,
          chequers_serial_rivers_room_a, minmay_fractal_squares_diagonal_5,
          uniq_duvessa
D:5:      layout_basic, serial_shops, nicolae_stop_n_shop_1,
          gammafunk_ghost_abyssal_escape, kennysheep_generic_room_2
D:6:      layout_loops_corners
D:7:      kennysheep_kobold_camp, layout_basic, lemuel_round_altar
D:8:      layout_cave_pools, serial_shops, shop
D:9:      layout_long_grid, zin_scriptorium
D:10:     layout_roguey, mainiacjoe_overflow_tiny_flanked, minitemple,
          serial_shops, kennysheep_little_box, minmay_misc_feat_diagonals,
          kennysheep_windowed_goal
D:11:     lemuel_bear_cage, layout_stronghold, erik_lair_orcish_takeover,
          serial_shops, shop_fountains, minmay_misc_feat_secret_circle,
          uniq_gastronok
Temple:   dpeg_chambers_temple

Skill      XL: |  1  2  3  4  5  6  7  8  9 10 11 |
---------------+----------------------------------+-----
Shields        | 4 5 6 7 9 |  9.0
Fighting       | 4 5 6 7 9 10 | 10.3
Armour         | 4 5 6 7 9 |  9.0
Invocations    | 1 3 7 10 11 | 11.0
Polearms       | 2 4 |  4.7
Axes           | 2 |  2.4
Crossbows      | 4 |  4.0
Staves         | 3 |  3.8

Action                   |  1- 3 |  4- 6 |  7- 9 | 10-12 || total
-------------------------+-------+-------+-------+-------++-------
Melee: Quarterstaff      |    92 |    56 |    12 |   163 ||   323
       Scythe            |       |    56 |   216 |    81 ||   353
       Hand axe          |       |       |       |    94 ||    94
 Fire: Arbalest          |       |       |       |    22 ||    22
Throw: Dart              |       |       |       |     8 ||     8
       Throwing net      |       |       |       |     1 ||     1
Invok: Animate Remains   |       |       |    14 |    21 ||    35
       Animate Dead      |       |       |       |    15 ||    15
       Injury Mirror     |       |       |       |     1 ||     1
 Abil: Dig               |       |     1 |     6 |     4 ||    11
Evoke: Wand              |       |       |     1 |     5 ||     6
  Use: Potion            |       |     4 |     1 |     3 ||     8
       Scroll            |       |       |    11 |     6 ||    17
 Stab: Distracted        |       |       |       |     1 ||     1
Armor: Scale mail        |    35 |    43 |    23 |       ||   101
       Skin              |       |     5 |       |       ||     5
       Ring mail         |       |       |    18 |       ||    18
       Chain mail        |       |       |     4 |    91 ||    95
       Plate armour      |       |       |       |    19 ||    19
Dodge: Dodged            |    24 |    35 |    67 |    71 ||   197
Block: Kite shield       |    46 |    61 |   180 |   310 ||   597
       Reflection        |       |       |     2 |    21 ||    23
